 Dungeon Crawl Stone Soup version 0.21.1-1-g345015f (webtiles) character file.

56 Fang the Shield-Bearer (level 3, -5/23 HPs)
             Began as a Gargoyle Fighter on May 8, 2018.
             Slain by an iguana (6 damage)
             ... on level 2 of the Dungeon.
             The game lasted 00:02:57 (927 turns).

Fang the Shield-Bearer (Gargoyle Fighter)            Turns: 927, Time: 00:02:57

Health: -5/23      AC: 10    Str: 20    XL:     3   Next: 95%
Magic:  3/3        EV:  7    Int:  8    God:
Gold:   131        SH:  9    Dex:  9    Spells: 2/2 levels left

rFire    . . .     SeeInvis .   a - +0 war axe
rCold    . . .     Gourm    .   c - +0 shield
rNeg     + . .     Faith    .   b - +0 scale mail
rPois    ∞         Spirit   .   (no helmet)
rElec    +         Reflect  .   (no cloak)
rCorr    .         Harm     .   (no gloves)
MR       .....     Rnd*Tele +   (no boots)
Stlth    ..........             (no amulet)
HPRegen  0.07/turn              m - ring of teleportation (curse)
MPRegen  0.08/turn              (no ring)

@: no status effects
A: negative energy resistance 1, electricity resistance, unbreathing,
petrification resistance, rot immunity, AC +3
a: no special abilities


You were on level 2 of the Dungeon.
You were not hungry.

You visited 1 branch of the dungeon, and saw 2 of its levels.

You collected 131 gold pieces.

Inventory:

Hand Weapons
 a - a +0 war axe (weapon)
Armour
 b - a +0 scale mail (worn)
 c - a +0 shield (worn)
Jewellery
 m - a cursed ring of teleportation (left hand)
Scrolls
 e - a scroll of fog {unknown}
 g - a scroll of enchant weapon {unknown}
 i - a scroll of enchant armour {unknown}
 j - a scroll of magic mapping {unknown}
 k - a scroll of amnesia {unknown}
 n - 2 scrolls of fear {unknown}
 o - a scroll of identify {unknown}
 p - a scroll of immolation {unknown}
Potions
 d - a potion of might
 h - 2 potions of flight {unknown}
 l - 2 potions of curing {unknown}
Comestibles
 f - 2 rations


   Skills:
 + Level 3.6 Fighting
 + Level 2.8 Axes
 + Level 3.6 Armour
 + Level 0.1 Dodging
 + Level 3.7 Shields


You had 2 spell levels left.
You didn't know any spells.

Dungeon Overview and Level Annotations

Branches:
Dungeon (2/15)

Altars:
Elyvilon
Qazlal
Vehumet
Xom
Yredelemnul


Innate Abilities, Weirdness & Mutations

You are resistant to torment.
Your stone body is resilient. (AC +3)
You are immune to poison.
You resist negative energy. (rN+)
You are resistant to electric shocks. (rElec)
You can survive without breathing.
You are immune to petrification.
You are immune to rotting.


Message History

You kill the bat!
You hit the iguana.
The iguana is lightly wounded.
You barely miss the quokka.
The iguana bites you but does no damage.
The quokka closely misses you. The iguana bites you!
* * * LOW HITPOINT WARNING * * *
You block the quokka's attack.
You barely miss the iguana.
The iguana is lightly wounded.
You closely miss the quokka.
The quokka bites you but does no damage.
The iguana bites you.
* * * LOW HITPOINT WARNING * * *
You slash the iguana!
The iguana is heavily wounded.
You hit the quokka.
You kill the quokka!
The iguana bites you.
You die...

###.........###....###.....
#######.....######.# ##..#.
#.......###...........#.###
#.#.#.#.#.#.#...............
......††...............#####
.#.#.#.#.#.#..........##...
...........................#
#.#.#.#.#.#.#.............
.....###.†@.............
#... #..†l............
##....................
#$..#............. .
#................
...............
.........%.....
#...).!......#.


You could see an iguana.

Vanquished Creatures
  2 adders (D:2)
  An ooze (D:1)
  A leopard gecko (D:1)
  6 bats
  2 giant cockroaches
  3 goblins
  2 hobgoblins
  4 jackals (D:1)
  A kobold (D:1)
  2 quokkas (D:2)
  A frilled lizard (D:1)
  4 rats
29 creatures vanquished.

Notes
Turn   | Place    | Note
-------+----------+-------------------------------------------
     0 | D:1      | Fang the Gargoyle Fighter began the quest for the Orb.
     0 | D:1      | Reached XP level 1. HP: 14/14 MP: 1/1
   202 | D:1      | Reached XP level 2. HP: 18/19 MP: 2/2
   464 | D:1      | Reached XP level 3. HP: 21/23 MP: 3/3
   799 | D:2      | Found a white marble altar of Elyvilon.
   799 | D:2      | Found a basalt altar of Yredelemnul.
   799 | D:2      | Found a shimmering altar of Xom.
   825 | D:2      | Found a radiant altar of Vehumet.
   831 | D:2      | Found a stormy altar of Qazlal.
   926 | D:2      | HP: 1/23 [iguana (5)]
   927 | D:2      | Slain by an iguana

Skill      XL: |  1 |
---------------+----+-----
Axes           | 2 |  2.8
Fighting       | |  3.6
Armour         | |  3.6
Dodging        | |  0.1
Shields        | |  3.7

Action                   || total
-------------------------++-------
Melee: War axe           ||   101
Armor: Scale mail        ||    86
Dodge: Dodged            ||    45
Block: Shield            ||    71
